 Seeded DCSS version 0.30.1-4-g462c640d31 (webtiles) character file.

Game seed: 20230804 (custom seed)

214 AccursedSamuel the Cudgeller (level 5, 0/29 HPs)
             Began as a Tengu Monk on Aug 10, 2023.
             Splashed by a jelly's acid (3 damage)
             ... in a sewer.
             The game lasted 00:05:25 (3045 turns).

AccursedSamuel the Cudgeller (Tengu Monk)           Turns: 3045, Time: 00:05:26

Health: 0/29       AC: -4    Str: 12 (13) XL:     5   Next: 91%
Magic:  6/6        EV: 12    Int: 10      God:
Gold:   145        SH:  0    Dex: 16 (17) Spells: 4/4 levels left

rFire   . . .        a - +0 mace
rCold   . . .        d - orb {light}
rNeg    . . .        s - +1 scale mail
rPois   +            (helmet restricted)
rElec   .            (no cloak)
rCorr   .            (no gloves)
SInv    .            (boots unavailable)
Will    .....        (no amulet) Stlth
                     p - ring of poison resistance
HPRegen 0.24/turn    (no ring)
MPRegen 0.10/turn

%: clarity
@: corroded, flying quickly and evasively, glowing, quick
A: beak, talons 3, nimble flight, clarity, deterioration 1, frail 1, noise
suppression
a: no special abilities


You were in a sewer.
You visited 1 branch of the dungeon, and saw 4 of its levels.
You also visited: Sewer.

You collected 145 gold pieces.

Inventory:

Hand Weapons
 a - a +0 mace (weapon)
Armour
 d - an orb of light (worn)
 s - a +1 scale mail (worn)
Jewellery
 p - a ring of poison resistance (left hand)
Wands
 r - a wand of flame (11)
Scrolls
 b - a scroll of identify
 e - 5 scrolls of teleportation
 j - a scroll of blinking
Potions
 c - 3 potions of ambrosia
 f - a potion of heal wounds
 g - a potion of cancellation
 h - 2 potions of mutation
 i - a potion of brilliance


   Skills:
 + Level 3.8 Fighting
 + Level 5.2 Maces & Flails
 + Level 1.3 Armour
 + Level 4.5 Dodging
 + Level 0.5 Stealth


You had 4 spell levels left.
You didn't know any spells.
Your spell library contained the following spells:

 Spells                   Type           Power      Damage    Failure   Level
 Apportation              Tloc           0%         N/A       90%         1
 Summon Forest            Summ/Tloc      0%         N/A       100%        5
 Dispersal                Tloc           0%         N/A       100%        6


Dungeon Overview and Level Annotations

Branches:
Dungeon (4/15)              Sewer (1/1)
 Temple: D:4-7

Altars:


Innate Abilities, Weirdness & Mutations

You have a beak for a mouth.
You have claws for feet.
Your magical nature lets you fly swiftly and evasively.
You possess an exceptional clarity of mind.
Your body sometimes deteriorates upon taking damage.
You are frail. (-10% HP)
You passively dampen the noise of your surroundings.


Message History

The river rat barely misses you.
Your Maces & Flails skill increases to level 5!
The river rat bites you.
You see here a river rat corpse.
You hit the river rat.
You claw the river rat, but do no damage.
The river rat is moderately wounded.
The river rat barely misses you.
You sock the river rat!
You kill the river rat!
You see here a river rat corpse.
An endoplasm comes into view.
The endoplasm quivers.
You sock the endoplasm!
You kill the endoplasm!
A rat comes into view.
The rat moves out of view.
A jelly comes into view.
The jelly quivers.
Found a ring mail.
You barely miss the rat. You claw the rat.
You kill the rat!
Found a scroll of identify and a potion of magic.
Found a viscous altar of Jiyva.
You see here a rat corpse.
The jelly hits you. The acid corrodes you!
You are splashed with acid!
Your body deteriorates!
You feel clumsy.
You hit the jelly.
Your hands burn!
You claw the jelly. You peck the jelly, but do no damage.
The jelly is moderately wounded.
The jelly hits you. The acid corrodes you!
You are splashed with acid!
* * * LOW HITPOINT WARNING * * *
You hit the jelly.
Your hands burn!
* * * LOW HITPOINT WARNING * * *
Your body deteriorates!
You feel weakened.
You claw the jelly, but do no damage.
The jelly is heavily wounded.
The jelly completely misses you.
You hit the jelly but do no damage. The acid corrodes you!
Your hands burn!
You die...

.~
#~..~~##..~~..
#~~# ~
#††#~..#.~~~.
#.~#####
#..##.##.~####
#..~....
#~..###~.~#
#~~.....
##∩~~..~.~#
########
##..~~.~##
####.~## ##†.#
#J@~#
..~~~.~~##
~..~..~##
###~.~. #.~~.
#.[.# #!_?
####


You could see a jelly.

Vanquished Creatures
  A hound (D:4)
  An orc wizard (D:3)
  5 adders
  3 river rats (Sewer)
  3 worms
  4 dart slugs
  4 orcs (D:3)
  5 ball pythons
  9 endoplasms
  3 giant cockroaches
  4 goblins
  2 hobgoblins
  5 quokkas
  5 bats
  4 frilled lizards
  2 kobolds (D:1)
  8 rats
68 creatures vanquished.

Notes
Turn   | Place    | Note
-------+----------+-------------------------------------------
     0 | D:1      | AccursedSamuel the Tengu Monk began the quest for the Orb.
     0 | D:1      | Reached XP level 1. HP: 14/14 MP: 2/2
    45 | D:1      | Found a faded altar of an unknown god.
   233 | D:1      | Reached XP level 2. HP: 18/19 MP: 3/3
   956 | D:2      | Reached XP level 3. HP: 9/23 MP: 4/4
  1763 | D:2      | Gained mutation: Your body sometimes deteriorates upon
                  | taking damage. [potion of mutation]
  1763 | D:2      | Gained mutation: You are frail. (-10% HP) [potion of
                  | mutation]
  1763 | D:2      | Gained mutation: You passively dampen the noise of your
                  | surroundings. [potion of mutation]
  1763 | D:2      | Gained mutation: You possess an exceptional clarity of
                  | mind. [potion of mutation]
  1779 | D:3      | Got the Almanac of Location
  2025 | D:3      | Reached XP level 4. HP: 25/25 MP: 5/5
  2150 | D:3      | Reached skill level 4 in Maces & Flails
  2779 | D:4      | Gained mutation: Your magical nature lets you fly swiftly
                  | and evasively. [Tengu growth]
  2779 | D:4      | Reached XP level 5. HP: 27/29 MP: 6/6
  2848 | D:4      | Found a glowing drain.
  2867 | Sewer    | Entered a sewer
  2929 | Sewer    | Reached skill level 1 in Armour
  3020 | Sewer    | Reached skill level 5 in Maces & Flails
  3041 | Sewer    | Found a viscous altar of Jiyva.
  3045 | Sewer    | Splashed by a jelly's acid

Illustrated notes

Levels and vault maps discovered:
D:1:      roderic_octagonal_star, layout_basic,
          hellmonk_ecumenical_altar_run_dry, minmay_box_of_dots
D:2:      layout_loops_ring
D:3:      layout_basic, serial_aquarium, aquarium_bridge_long_separate
          [aquarium_subvault_wall, aquarium_subvault_wall,
          aquarium_subvault_bridge, aquarium_subvault_wall,
          aquarium_subvault_bridge, aquarium_subvault_bridge],
          aquarium_window_1, aquarium_window_fake, aquarium_view_2d,
          aquarium_view_4, aquarium_pool_1
D:4:      layout_basic, gammafunk_temple_overflow_forgotten,
          portal_sewer_entry_b
Sewer:    sewer_hellmonk_slimy_pipes

Skill      XL: |  1  2  3  4  5 |
---------------+----------------+-----
Dodging        | 4 |  4.5
Maces & Flails | 4 5 |  5.2
Armour         | 1 |  1.3
Fighting       | |  3.8
Stealth        | |  0.5

Action                     |  1- 3 |  4- 6 || total
---------------------------+-------+-------++-------
  Melee: Mace              |    59 |    83 ||   142
         Kick              |    17 |    27 ||    44
         Peck              |    13 |    14 ||    27
    Use: Scroll            |     6 |     1 ||     7
         Potion            |     5 |     3 ||     8
 Armour: Robe              |    10 |       ||    10
         Scale mail        |     2 |    32 ||    34
  Dodge: Dodged            |    53 |    61 ||   114
